 Dungeon Crawl Stone Soup version 0.22-a0-456-g11ed031 (webtiles) character file.

94 opiumtea the Slasher (level 4, 0/37 HPs)
             Began as a Demonspawn Berserker on June 7, 2018.
             Was a Believer of Trog.
             Killed from afar by an orc wizard (5 damage)
             ... with a magic dart
             ... on level 3 of the Dungeon.
             The game lasted 00:10:51 (2507 turns).

opiumtea the Slasher (Demonspawn Berserker)         Turns: 2507, Time: 00:10:51

Health: 0/37       AC:  6    Str: 18    XL:     4   Next: 38%
Magic:  4/4        EV: 11    Int:  8    God:    Trog [**....]
Gold:   119        SH:  0    Dex: 13    Spells: 3/3 levels left

rFire    + . .     SeeInvis .   a - +1 falchion
rCold    . . .     Gourm    .   (no shield)
rNeg     . . .     Faith    .   i - +0 ring mail
rPois    .         Spirit   .   (no helmet)
rElec    .         Reflect  .   (no cloak)
rCorr    .         Harm     .   (no gloves)
MR       .....                  o - +0 pair of boots
Stlth    +++.......             (no amulet)
HPRegen  0.12/turn              (no ring)
MPRegen  0.09/turn              (no ring)

@: berserk cooldown, slowed, very slow
A: fire resistance 1, nightstalker 2
a: Berserk, Trog's Hand, Renounce Religion


You were on level 3 of the Dungeon.
You worshipped Trog.
Trog was pleased with you.
You were not hungry.

You visited 1 branch of the dungeon, and saw 3 of its levels.

You collected 119 gold pieces.

Inventory:

Hand Weapons
 a - a +1 falchion (weapon)
 b - a +0 dagger of electrocution
 d - a cursed -3 short sword
 j - a +0 hunting sling
Missiles
 k - 63 stones (quivered)
Armour
 h - a +0 animal skin
 i - a +0 ring mail (worn)
 o - a +0 pair of boots (worn)
Scrolls
 p - a scroll of blinking
Potions
 e - a potion of resistance {unknown}
 f - 2 potions of mutation {unknown}
 n - 2 potions of berserk rage
 q - a potion of degeneration {unknown}
Comestibles
 c - 5 rations
 g - 2 chunks of flesh


   Skills:
 + Level 3.8 Fighting
 * Level 4.1 Long Blades
 - Level 1.7 Armour
 - Level 1.8 Dodging


You had 3 spell levels left.
You didn't know any spells.
Your spell library was empty.

Dungeon Overview and Level Annotations

Branches:
Dungeon (3/15)

Altars:
Uskayaw

Annotations:
D:3 Galder's ghost, amateur DEWz


Innate Abilities, Weirdness & Mutations

Your flesh is heat resistant. (rF+)
You are significantly more attuned to the shadows.


Message History

* * * LOW HITPOINT WARNING * * *
You bump into the rock wall.
You feel less confused. The worm barely misses you.
Something hits you but does no damage.
You hear some strange, mumbled words.
Something tries to affect you, but you resist.
Things that are here:
a falchion; an orc corpse
Things that are here:
a hand axe; a leather armour The leopard gecko barely misses you.
The leopard gecko closely misses you.
The leopard gecko bites you but does no damage.
Something hits you.
* * * LOW HITPOINT WARNING * * *
The leopard gecko bites you but does no damage.
The leopard gecko closely misses you.
A magic dart appears from out of thin air!
The magic dart hits you!
You die...

...... ....###.).......
..!.# .........#####..#
..)_#......##..# #..# #
....#......##.)#####..# ..
.......# #....>...#..# .# #
.......####.#..###....#.##.#
.8.8.....##.....w..).......
†÷...#.........#l###.##.##.#
#.#.........#...@# #.)......
(...........####.# #.####...
............#####...##
#.#.#..............#
#.#......##.######.#
#.#......# .# #.# #.#.....(#
.# #.#.....## .# ........#


You could see a worm and a leopard gecko.

Vanquished Creatures
  An orc priest (D:3)
  An adder (D:2)
  A dart slug (D:2)
  A leopard gecko (D:3)
  8 orcs (D:3)
  A ball python (D:1)
  5 bats
  7 hobgoblins
  2 quokkas
  3 frilled lizards
  5 goblins (D:2)
  2 kobolds
  7 rats
44 creatures vanquished.

Notes
Turn   | Place    | Note
-------+----------+-------------------------------------------
     0 | D:1      | opiumtea the Demonspawn Berserker began the quest for the Orb.
     0 | D:1      | Reached XP level 1. HP: 18/18 MP: 1/1
   463 | D:1      | Reached skill level 3 in Long Blades
   569 | D:1      | Gained mutation: Your flesh is heat resistant. (rF+) [demonic ancestry]
   569 | D:1      | Reached XP level 2. HP: 24/24 MP: 2/2
  1049 | D:2      | Gained mutation: You are slightly more attuned to the shadows. [demonic ancestry]
  1049 | D:2      | Reached XP level 3. HP: 24/29 MP: 3/3
  1203 | D:2      | Reached ** piety under Trog
  1633 | D:3      | Found a hide-covered altar of Uskayaw.
  1636 | D:3      | Noticed Galder's ghost (amateur DEWz)
  2288 | D:3      | HP: 1/29 [Galder's ghost/magic dart (9)]
  2484 | D:3      | Reached skill level 4 in Long Blades
  2484 | D:3      | Gained mutation: You are significantly more attuned to the shadows. [demonic ancestry]
  2484 | D:3      | Reached XP level 4. HP: 17/37 MP: 4/4
  2507 | D:3      | Killed from afar by an orc wizard

Vault maps used:
D:1:      dpeg_arrival_renting
D:2:      first_ration
D:3:      minmay_door_path, eat_drink_and_be_merry_uskayaw, saegor_snake_ambush,
          uniq_terence

Skill      XL: |  1  2  3 |
---------------+----------+-----
Long Blades    | 3 4 |  4.1
Fighting       | |  3.8
Armour         | |  1.7
Dodging        | |  1.8

Action                   |  1- 3 |  4- 6 || total
-------------------------+-------+-------++-------
Melee: Falchion          |   146 |     7 ||   153
Throw: Stone             |     2 |       ||     2
Invok: Berserk           |     4 |       ||     4
       Trog's Hand       |     1 |       ||     1
  Use: Scroll            |     8 |       ||     8
 Stab: Sleeping          |     3 |       ||     3
  Eat: Ration            |     2 |       ||     2
       Chunk             |     2 |       ||     2
Armor: Ring mail         |    47 |     5 ||    52
       Animal skin       |     2 |       ||     2
Dodge: Dodged            |    83 |     7 ||    90
       Rpst.: Falchion   |    23 |     1 ||    24

Table legend:
 A = Spawn XP
 B = Non-spawn XP
 C = Spawn XP percentage of total XP
 D = Spawn monster count
 E = Non-spawn monster count
 F = Spawn count percentage of total count
 G = Total turns spent on level
                    A         B        C        D         E        F      G
               +---------+---------+-------+---------+---------+-------+---------
         Total |       0 |     135 |   0.0 |       0 |      44 |   0.0 |  2507
               +---------+---------+-------+---------+---------+-------+---------
           D:1 |       0 |      12 |   0.0 |       0 |       8 |   0.0 |   766
           D:2 |       0 |      40 |   0.0 |       0 |      17 |   0.0 |  1167
           D:3 |       0 |      83 |   0.0 |       0 |      19 |   0.0 |   574
               +---------+---------+-------+---------+---------+-------+---------
